 Dungeon Crawl Stone Soup version 0.27.1 (webtiles) character file.

Game seed: 6186367572225727369

4450 Renzlar the Blocker (level 10, -9/82 HPs)
             Began as a Gnoll Fighter on Aug 21, 2021.
             Was an Elder of Okawaru.
             Mangled by an ice devil (16 damage)
             ... summoned by an obsidian statue
             ... on level 8 of the Dungeon.
             The game lasted 00:30:12 (8704 turns).

Renzlar the Blocker (Gnoll Fighter)                 Turns: 8704, Time: 00:30:13

Health: -9/82      AC: 15    Str: 16    XL:     10   Next: 37%
Magic:  0/17       EV:  7    Int:  7    God:    Okawaru [****..]
Gold:   246        SH: 11    Dex: 14    Spells: 19/19 levels left

rFire    . . .     SeeInvis .   a - +7 Sulking Sword {vorpal, sonic wave}
rCold    . . .     Faith    .   s - +0 kite shield
rNeg     . . .     Spirit   +   u - +0 chain mail
rPois    +         Reflect  .   i - +0 helmet
rElec    +         Harm     .   r - +0 cloak
rCorr    +         Rampage  .   D - +0 pair of gloves of Defiance {Fly Slay+2 Stlth+}
Will     .....                  (no boots)
Stlth    ..........             h - amulet of Taisij {Spirit rElec Str-4 Dex+3 Slay+5}
HPRegen  0.23/turn              y - ring of resist corrosion
MPRegen  0.15/turn              L - ring of poison resistance

@: silenced, flying
A: fangs 1, strong nose, distributed training
a: Renounce Religion


You were on level 8 of the Dungeon.
You worshipped Okawaru.
Okawaru was greatly pleased with you.
You visited 2 branches of the dungeon, and saw 9 of its levels.

You collected 522 gold pieces.
You spent 276 gold pieces at shops.

Inventory:

Hand Weapons
 a - the +7 Sulking Sword (weapon) {vorpal, sonic wave}
   (You found it on level 6 of the Dungeon)

   It inflicts extra damage upon your enemies.
   It radiates damaging sonic waves as it strikes, especially in combat
   involving dangerous or numerous foes.
 c - a +0 hunting sling
 e - the +7 hand crossbow "Reriyv" {speed, rN+ Will- Stlth+}
   (You bought it in a shop on level 5 of the Dungeon)

   Attacks with this weapon are significantly faster.
   rN:        It protects you from negative energy.
   Will:      It decreases your willpower.
   Stlth:     It makes you more stealthy.
 g - a +1 morningstar of flaming
 l - a +1 dagger of freezing
 m - a +4 war axe
Missiles
 f - 54 sling bullets
 n - 14 poisoned darts (quivered)
 t - 8 curare-tipped darts
 G - 47 bolts
 I - 293 stones
 P - 2 throwing nets
Armour
 b - a +0 scale mail
 i - a +0 helmet (worn)
 r - a +0 cloak (worn)
 s - a +0 kite shield (worn)
 u - a +0 chain mail (worn)
 D - the +0 pair of gloves of Defiance (worn) {Fly Slay+2 Stlth+}
   (You acquired it on level 8 of the Dungeon)

   Slay:      It affects your accuracy & damage with ranged weapons and melee
   (+2).
   Fly:       It grants you flight.
   Stlth:     It makes you more stealthy.
Jewellery
 h - the amulet of Taisij (around neck) {Spirit rElec Str-4 Dex+3 Slay+5}
   (You found it on level 4 of the Dungeon)

   [amulet of guardian spirit]

   It causes incoming damage to be divided between your reserves of health and
   magic.
   Str:       It affects your strength (-4).
   Dex:       It affects your dexterity (+3).
   Slay:      It affects your accuracy & damage with ranged weapons and melee
   (+5).
   rElec:     It insulates you from electricity.
 y - a ring of resist corrosion (left hand)
 L - a ring of poison resistance (right hand)
 R - a ring of protection from cold
Wands
 p - a wand of polymorph (2)
 E - a wand of charming (4)
 M - a wand of iceblast (5)
Scrolls
 z - a scroll of fog
 B - a scroll of amnesia
 C - a scroll of teleportation
 N - a scroll of holy word {unknown}
 Q - a scroll of fear {unknown}
Potions
 d - a potion of might
 j - 2 potions of curing
 k - a potion of brilliance {unknown}
 q - 2 potions of magic {unknown}
 v - a potion of haste {unknown}
 w - a potion of degeneration {unknown}
 x - a potion of ambrosia {unknown}
 A - a potion of mutation {unknown}
 F - a potion of lignification {unknown}
 H - a potion of berserk rage {unknown}
 J - a potion of cancellation
 O - 2 potions of resistance


   Skills:
 + Level 8.5 Fighting
 + Level 5.2 Short Blades
 + Level 5.2 Long Blades
 + Level 7.0 Axes
 + Level 5.2 Maces & Flails
 + Level 5.2 Polearms
 + Level 5.2 Staves
 + Level 5.2 Slings
 + Level 5.2 Bows
 + Level 5.2 Crossbows
 + Level 5.2 Throwing
 + Level 8.5 Armour
 + Level 5.2 Dodging
 + Level 5.2 Stealth
 + Level 8.5 Shields
 + Level 5.2 Unarmed Combat
 + Level 5.2 Spellcasting
 + Level 4.3 Conjurations
 + Level 4.3 Hexes
 + Level 4.3 Summonings
 + Level 4.3 Necromancy
 + Level 4.3 Translocations
 + Level 4.3 Transmutations
 + Level 4.3 Fire Magic
 + Level 4.3 Ice Magic
 + Level 4.3 Air Magic
 + Level 4.3 Earth Magic
 + Level 4.3 Poison Magic
 + Level 5.7 Invocations
 + Level 5.2 Evocations


You had 19 spell levels left.
You didn't know any spells.
Your spell library contained the following spells:

 Spells                   Type           Power      Damage    Failure   Level
 Passwall                 Tmut/Erth      5%         N/A       89%         2
 Swiftness                Air            7%         N/A       98%         3
 Invisibility             Hex            3%         N/A       100%        6
 Chain Lightning          Conj/Air       3%         3d4       100%        9
 Fire Storm               Conj/Fire      3%         8d1       100%        9


Dungeon Overview and Level Annotations

Branches:
Dungeon (8/15)             Temple (1/1) D:5            Lair (0/6) D:8

Altars:
Elyvilon
Hepliaklqana
Nemelex Xobeh
Okawaru
Qazlal
Ru
Sif Muna
Trog
Uskayaw
Vehumet
Wu Jian
Xom
Zin
The Shining One
Beogh

Shops:
D:5 *

Annotations:
D:8 exclusion: obsidian statue


Innate Abilities, Weirdness & Mutations

You have very sharp teeth.
Your uncanny sense of smell can sniff out nearby items.
Your experience applies equally to all skills.


Message History

A profound silence engulfs you.
You are no longer entranced.
The ufetubus hits you but does no damage.
You block the ufetubus's attack.
Unknown command.
You slash the ice devil!
The Sulking Sword struggles and turns.
The ice devil is moderately wounded.
The ice devil hits you! The ice devil freezes you!!
Unknown command.
You barely miss the ice devil.
The ice devil is lightly wounded.
You block the ice devil's attack.
The obsidian statue's eyes glow briefly.
Unknown command.
You hit the ice devil.
The ice devil is moderately wounded.
The ice devil hits you. The ice devil freezes you!!
The neqoxec hits you but does no damage.
The obsidian statue's eyes glow briefly.
Unknown command.
You slash the ice devil!
The Sulking Sword looks irascibly.
The ice devil is heavily wounded.
You block the ice devil's attack. You block the neqoxec's attack.
The obsidian statue's eyes glow briefly.
The neqoxec gestures at you.
Something tries to feed on your intellect!
The ice devil hits you! The ice devil freezes you!!
* * * LOW HITPOINT WARNING * * *
Unknown command.
You slash the ice devil!
You bite the ice devil, but do no damage.
The ice devil is almost dead.
The neqoxec hits you.
* * * LOW HITPOINT WARNING * * *
The ice devil hits you.
* * * LOW HITPOINT WARNING * * *
The ice devil freezes you!!
You die...

####################[≈
### ##### ## #=[)≈##
##≈ #"}:≈≈## ###≈≈
#..≈≈≈≈# ##≈≈≈≈
#.54≈≈## ####≈≈≈≈#
#843≈≈### ##≈≈≈≈≈≈##
#@≈≈≈≈###≈≈≈≈≈≈##
##≈≈≈≈≈≈≈≈≈≈≈###
###≈≈≈≈≈≈≈###
###≈≈≈### #####


You could see an obsidian statue, 2 ice devils, a neqoxec (summoned) and an
ufetubus (summoned).

Vanquished Creatures
  A two-headed ogre (D:8)
  Maggie (D:7)
  A vampire (D:8)
  A wraith (D:6)
  A steam dragon (D:8)
  An acid dragon (D:8)
  3 water moccasins (D:6)
  An ice beast (D:5)
  A sky beast (D:6)
  2 orc warriors (D:8)
  2 necrophages
  3 ogres
  3 centaurs
  3 bullfrogs
  5 scorpions
  A wyvern skeleton (D:6)
  3 electric eels (D:8)
  3 wights (D:8)
  A hound (D:5)
  A bullfrog zombie (D:7)
  6 orc priests
  A gnoll shaman (D:8)
  A jelly (D:3)
  A centaur skeleton (D:6)
  4 iguanas
  3 orc wizards
  Natasha (thrice) (D:2)
  4 adders
  10 gnolls
  A shadow imp (D:5)
  2 white imps
  2 dart slugs
  38 orcs
  19 bats
  4 endoplasms
  3 giant cockroaches
  9 goblins
  6 hobgoblins
  2 jackals (D:1)
  9 kobolds
  3 quokkas
  4 ball pythons
  5 frilled lizards
  5 rats
183 creatures vanquished.

Vanquished Creatures (others)
  4 fungi (D:6)
  4 plants (D:6)
8 creatures vanquished.

Grand Total: 191 creatures vanquished

Notes
Turn   | Place    | Note
-------+----------+-------------------------------------------
     0 | D:1      | Renzlar the Gnoll Fighter began the quest for the Orb.
     0 | D:1      | Reached XP level 1. HP: 23/23 MP: 1/1
   155 | D:1      | Reached XP level 2. HP: 28/29 MP: 2/2
   490 | D:1      | Reached XP level 3. HP: 35/35 MP: 3/3
   656 | D:2      | Noticed Natasha
   665 | D:2      | Killed Natasha
   666 | D:2      | Reached skill level 1 in Short Blades
   666 | D:2      | Reached skill level 1 in Long Blades
   666 | D:2      | Reached skill level 1 in Maces & Flails
   666 | D:2      | Reached skill level 1 in Polearms
   666 | D:2      | Reached skill level 1 in Staves
   666 | D:2      | Reached skill level 1 in Slings
   666 | D:2      | Reached skill level 1 in Bows
   666 | D:2      | Reached skill level 1 in Crossbows
   666 | D:2      | Reached skill level 1 in Throwing
   666 | D:2      | Reached skill level 1 in Dodging
   666 | D:2      | Reached skill level 1 in Stealth
   666 | D:2      | Reached skill level 1 in Unarmed Combat
   666 | D:2      | Reached skill level 1 in Spellcasting
   666 | D:2      | Reached skill level 1 in Invocations
   666 | D:2      | Reached skill level 1 in Evocations
   871 | D:2      | Reached XP level 4. HP: 41/41 MP: 5/5
   919 | D:2      | Reached skill level 1 in Conjurations
   919 | D:2      | Reached skill level 1 in Hexes
   919 | D:2      | Reached skill level 1 in Summonings
   919 | D:2      | Reached skill level 1 in Necromancy
   919 | D:2      | Reached skill level 1 in Translocations
   919 | D:2      | Reached skill level 1 in Transmutations
   919 | D:2      | Reached skill level 1 in Fire Magic
   919 | D:2      | Reached skill level 1 in Ice Magic
   919 | D:2      | Reached skill level 1 in Air Magic
   919 | D:2      | Reached skill level 1 in Earth Magic
   919 | D:2      | Reached skill level 1 in Poison Magic
  1120 | D:2      | Found a faded altar of an unknown god.
  1230 | D:2      | Noticed Natasha
  1240 | D:2      | Killed Natasha
  1351 | D:2      | Reached XP level 5. HP: 47/47 MP: 6/6
  1487 | D:2      | Noticed Natasha
  1492 | D:2      | Killed Natasha
  1861 | D:3      | You fall into a shaft and drop 3 floors!
  1861 | D:6      | Noticed a water moccasin
  1861 | D:6      | Noticed a water moccasin
  1871 | D:5      | Entered Level 5 of the Dungeon
  1918 | D:3      | Found a bloodstained altar of Trog.
  2300 | D:3      | Reached XP level 6. HP: 53/53 MP: 8/8
  2354 | D:3      | Found a sparkling altar of Nemelex Xobeh.
  2783 | D:3      | Reached skill level 5 in Axes
  3345 | D:4      | Identified the amulet of Taisij {Spirit rElec Str-4 Dex+3
                  | Slay+5}
  3481 | D:4      | Found an ornate altar of the Wu Jian Council.
  3767 | D:4      | Found a glowing golden altar of the Shining One.
  3906 | D:4      | Reached XP level 7. HP: 59/59 MP: 10/10
  3912 | D:4      | Found a sacrificial altar of Ru.
  4374 | D:5      | Found a staircase to the Ecumenical Temple.
  4383 | Temple   | Entered the Ecumenical Temple
  4441 | Temple   | Became a worshipper of Warmaster Okawaru
  4787 | D:5      | Found a hide-covered altar of Uskayaw.
  5067 | D:5      | Found Quaxt's CLEARANCE SALE! EVERYTHING MUST GO!.
  5127 | D:6      | Noticed a wraith
  5140 | D:6      | Reached * piety under Okawaru
  5141 | D:6      | Reached XP level 8. HP: 43/67 MP: 7/12
  5144 | D:6      | Killed a wraith
  5174 | D:5      | Bought the +7 hand crossbow "Reriyv" {speed, rN+ Will-
                  | Stlth+} for 276 gold pieces
  6089 | D:6      | Found the +7 Singing Sword {vorpal, sonic wave}
  6102 | D:6      | Reached ** piety under Okawaru
  6190 | D:6      | Reached XP level 9. HP: 58/73 MP: 10/14
  6672 | D:7      | Found a radiant altar of Vehumet.
  6952 | D:7      | Noticed Maggie
  6959 | D:7      | Killed Maggie
  7653 | D:8      | Reached *** piety under Okawaru
  7657 | D:8      | Reached skill level 5 in Invocations
  7797 | D:8      | Found a stormy altar of Qazlal.
  7874 | D:8      | Reached XP level 10. HP: 75/80 MP: 15/17
  8253 | D:8      | Reached skill level 5 in Short Blades
  8253 | D:8      | Reached skill level 5 in Long Blades
  8253 | D:8      | Reached skill level 5 in Maces & Flails
  8253 | D:8      | Reached skill level 5 in Polearms
  8253 | D:8      | Reached skill level 5 in Staves
  8253 | D:8      | Reached skill level 5 in Slings
  8253 | D:8      | Reached skill level 5 in Bows
  8253 | D:8      | Reached skill level 5 in Crossbows
  8253 | D:8      | Reached skill level 5 in Throwing
  8253 | D:8      | Reached skill level 5 in Dodging
  8253 | D:8      | Reached skill level 5 in Stealth
  8253 | D:8      | Reached skill level 5 in Unarmed Combat
  8253 | D:8      | Reached skill level 5 in Spellcasting
  8253 | D:8      | Reached skill level 5 in Evocations
  8507 | D:8      | Found a staircase to the Lair.
  8591 | D:8      | Noticed a two-headed ogre
  8596 | D:8      | Killed a two-headed ogre
  8596 | D:8      | Reached **** piety under Okawaru
  8658 | D:8      | Identified a scroll of acquirement
  8658 | D:8      | Acquired the +0 pair of gloves of Defiance {Fly Slay+2
                  | Stlth+}
  8692 | D:8      | Noticed an obsidian statue
  8704 | D:8      | Mangled by an ice devil

Illustrated notes

Levels and vault maps discovered:
D:1:      dpeg_arrival_rhombi, layout_loops_ring
D:2:      kb_forest_paths, layout_basic, serial_glass, glass_columns_b,
          glass_columns_b, feat_on_display, item_on_display_b, feat_on_display,
          due_unseen_surprise, basic_ecumenical_altar,
          chequers_serial_rivers_small_a, chequers_serial_rivers_small_b,
          minmay_distorted, uniq_natasha
D:3:      wander_river, layout_loops_corners,
          mainiacjoe_overflow_catch_the_wave, minmay_misc_feat_ornament
D:4:      layout_layer_cave, tso_metal_star, old_standard_altar,
          nicolae_wu_jian_wuxing_cycle, minmay_misc_feat_nine_boxes
D:5:      layout_rooms, nicolae_uskayaw_dance_hall, minmay_temple_entry_arrows,
          nicolae_shop_clearance
D:6:      old_forge, layout_cave_pools, chequers_serial_rivers_micro_a
D:7:      layout_layer_cave, nicolae_vehumet_altar_sigil, st_stairs_4,
          uniq_maggie
D:8:      statuecave_lemuel, layout_cave_pools, mainiacjoe_overflow_catwalk,
          special_room [special_room_orc], nzn_life_drinkers
Temple:   compressed_dpeg_triangle_lava_temple

Skill      XL: |  1  2  3  4  5  6  7  8  9 10 |
---------------+-------------------------------+-----
Short Blades   | 1 2 3 4 5 |  5.2
Long Blades    | 1 2 3 4 5 |  5.2
Maces & Flails | 1 2 3 4 5 |  5.2
Polearms       | 1 2 3 4 5 |  5.2
Staves         | 1 2 3 4 5 |  5.2
Slings         | 1 2 3 4 5 |  5.2
Bows           | 1 2 3 4 5 |  5.2
Crossbows      | 1 2 3 4 5 |  5.2
Throwing       | 1 2 3 4 5 |  5.2
Dodging        | 1 2 3 4 5 |  5.2
Stealth        | 1 2 3 4 5 |  5.2
Unarmed Combat | 1 2 3 4 5 |  5.2
Spellcasting   | 1 2 3 4 5 |  5.2
Invocations    | 1 2 3 4 5 |  5.7
Evocations     | 1 2 3 4 5 |  5.2
Conjurations   | 1 2 3 4 |  4.3
Hexes          | 1 2 3 4 |  4.3
Summonings     | 1 2 3 4 |  4.3
Necromancy     | 1 2 3 4 |  4.3
Translocations | 1 2 3 4 |  4.3
Transmutations | 1 2 3 4 |  4.3
Fire Magic     | 1 2 3 4 |  4.3
Ice Magic      | 1 2 3 4 |  4.3
Air Magic      | 1 2 3 4 |  4.3
Earth Magic    | 1 2 3 4 |  4.3
Poison Magic   | 1 2 3 4 |  4.3
Axes           | 5 6 7 |  7.0
Fighting       | 7 8 |  8.5
Armour         | 7 8 |  8.5
Shields        | 7 8 |  8.5

Action                   |  1- 3 |  4- 6 |  7- 9 | 10-12 || total
-------------------------+-------+-------+-------+-------++-------
Melee: War axe           |    86 |   176 |    84 |       ||   346
       Bite              |     6 |    18 |    12 |     3 ||    39
       Double sword      |       |       |    30 |    26 ||    56
 Fire: Hunting sling     |       |    53 |    96 |    16 ||   165
       Hand crossbow     |       |       |     6 |     7 ||    13
Invok: Heroism           |       |       |       |     1 ||     1
  Use: Scroll            |       |     5 |     6 |     2 ||    13
       Potion            |       |       |       |     1 ||     1
Armor: Scale mail        |    25 |    76 |       |       ||   101
       Chain mail        |       |    30 |    89 |    12 ||   131
Dodge: Dodged            |    32 |    39 |    47 |    10 ||   128
Block: Kite shield       |    56 |    79 |    97 |    16 ||   248
       Rpst.: Double sword |       |       |     2 |     1 ||     3
